 Dungeon Crawl Stone Soup version 0.31-a0-833-gc15d34cb79 (webtiles) character file.

Game seed: 1479297080144639599

746 javelincjr the Insei (level 7, -6/54 HPs)
             Began as a Demonspawn Shapeshifter on Sept 25, 2023.
             Mangled by an acid dragon (15 damage)
             ... on level 5 of the Dungeon.
             The game lasted 00:11:16 (4304 turns).

javelincjr the Insei (Demonspawn Shapeshifter)      Turns: 4304, Time: 00:11:16

Health: -6/54      AC: -1    Str: 14    XL:     7   Next: 48%
Magic:  7/7        EV: 13    Int: 18    God:
Gold:   181        SH:  0    Dex: 14    Spells: 6/6 levels left

rFire   . .          .
                       - Unarmed
rCold   . . .        (no shield)
rNeg    + . .        t - +1 robe {rN+}
rPois   .            (helmet currently unavailable)
rElec   .            (cloak currently unavailable)
rCorr   .            (gloves currently unavailable)
SInv    +            (boots currently unavailable)
Will    .....        (no amulet)
Stlth   +            k - ring of see invisible
HPRegen 0.29/turn    r - +6 ring of intelligence
MPRegen 0.10/turn

%: no passive effects
@: beast-form, corroded
A: beast (slay +2), hooves 1, ignite blood 1, spiny 2
a: Begin Untransformation


You were on level 5 of the Dungeon.
You were a hulking beast.
You visited 1 branch of the dungeon, and saw 5 of its levels.

You collected 181 gold pieces.

Inventory:

Missiles
 s - 4 poisoned darts (quivered)
Armour
 a - a +0 animal skin
 n - a +0 cloak
 q - a scarf of repulsion
 t - a +1 robe of positive energy (worn)
Jewellery
 k - a ring of see invisible (left hand)
 r - a +6 ring of intelligence (right hand)
Talismans
 c - a beast talisman (active)
 d - a flux talisman
Wands
 m - a wand of iceblast (8)
Scrolls
 f - 2 scrolls of amnesia {unknown}
 h - 3 scrolls of identify {unknown}
 l - 2 scrolls of noise {unknown}
 o - a scroll of revelation {unknown}
 p - 3 scrolls of teleportation {unknown}
Potions
 b - a potion of lignification
 e - a potion of enlightenment {unknown}
 g - a potion of invisibility {unknown}
 i - a potion of mutation {unknown}
 j - a potion of curing {unknown}


   Skills:
 + Level 4.0 Fighting
 + Level 4.1 Dodging
 + Level 4.6 Unarmed Combat
 + Level 4.4 Shapeshifting


You had 6 spell levels left.
You didn't know any spells.
Your spell library contained the following spells:

 Spells                   Type           Power      Damage    Failure   Level
 Shock                    Conj/Air       0%         1d3       22%         1
 Swiftness                Air            0%         N/A       54%         3
 Tukima's Dance           Hex            0%         N/A       54%         3
 Airstrike                Air            0%         2d(0-16)  91%         4
 Passage of Golubria      Tloc           0%         N/A       91%         4
 Yara's Violent Unravell  Hex/Tmut       0%         3d3       99%         5


Dungeon Overview and Level Annotations

Branches:
Dungeon (5/15)
 Temple: D:4-7

Altars:
Kikubaaqudgha

Shops:
D:3 [   D:4 [


Innate Abilities, Weirdness & Mutations

You are a hulking beast.
Your limbs bulge with bestial killing power. (Slay +2)
You have large cloven feet.
Your demonic aura sometimes causes spilled blood to erupt in flames.
You are mostly covered in sharp spines.


Message History

The centaur hits you but does no damage.
The centaur kicks you.
You hit the centaur. You kick the centaur.
The centaur is heavily wounded.
The centaur hits you but does no damage.
The centaur completely misses you.
You punch the centaur! Your punch misses the centaur.
The centaur is severely wounded.
The centaur is engulfed in blazing flames.
The centaur is struck by your spines.
You kill the centaur!
Your Fighting skill increases to level 4!
Your Dodging skill increases to level 4!
There is a stone staircase leading up here.
The hound bites you. The hound is struck by your spines.
The hound closely misses you. The hound bites you but does no damage.
There is a stone staircase leading up here.
You barely miss the hound.
The hound is heavily wounded.
The hound closely misses you.
You hit the hound. You kick the hound.
You kill the hound!
The acid dragon spits acid at you. The splash of acid hits you!
The acid corrodes you! The acid dragon barely misses you.
The acid dragon claws you.
You see here a hound corpse.
You hit the acid dragon.
You kick the acid dragon, but do no damage.
The acid dragon is lightly wounded.
The acid dragon bites you! The acid dragon misses you.
You barely miss the acid dragon. Your kick misses the acid dragon.
The acid dragon is lightly wounded.
The acid dragon bites you!
* * * LOW HITPOINT WARNING * * *
The acid dragon closely misses you.
You hit the acid dragon. You kick the acid dragon.
The acid dragon is moderately wounded.
The acid dragon bites you!
You die...

....##.>##..##.#
..#.....:.....
..[.....:..#
#.........####
#$..........+
#.<........##
#...........#
#...D....=.##
#....h......#
#.$.<.).....#
#..........##
#....>.....#
#####...#.##
#...#.# #.... #
#....# ##...#


You could see an acid dragon.

Vanquished Creatures
  Menkaure (D:4)
  A centaur (D:5)
  The ghost of DocEon the Conjurer, an amateur DECj (D:4)
  4 hounds
  2 orc priests (D:4)
  A sleepcap (D:4)
  3 orc wizards (D:4)
  2 iguanas (D:4)
  5 adders
  2 worms
  A dart slug (D:3)
  15 orcs
  4 bats
  9 endoplasms
  5 giant cockroaches
  9 goblins
  2 hobgoblins
  4 jackals
  A quokka (D:1)
  4 ball pythons
  5 frilled lizards
  6 kobolds
  9 rats
96 creatures vanquished.

Vanquished Creatures (others)
  A human (D:3)
1 creature vanquished.

Grand Total: 97 creatures vanquished

Notes
Turn   | Place    | Note
-------+----------+-------------------------------------------
     0 | D:1      | javelincjr the Demonspawn Shapeshifter began the quest for
                  | the Orb.
     0 | D:1      | Reached XP level 1. HP: 15/15 MP: 1/1
   153 | D:1      | Gained mutation: Your demonic aura sometimes causes spilled
                  | blood to erupt in flames. [demonic ancestry]
   153 | D:1      | Reached XP level 2. HP: 21/21 MP: 2/2
   728 | D:2      | Gained mutation: You are partially covered in sharp spines.
                  | [demonic ancestry]
   728 | D:2      | Reached XP level 3. HP: 15/26 MP: 3/3
   873 | D:2      | Found a faded altar of an unknown god.
  1117 | D:2      | Identified the +0 spear of Annihilation {distort, Int+6}
  1311 | D:2      | Gained mutation: You have large cloven feet. [demonic
                  | ancestry]
  1311 | D:2      | Reached XP level 4. HP: 33/33 MP: 4/4
  1732 | D:3      | Found Coacowua's Antique Armour Shoppe.
  2563 | D:3      | Found an ancient bone altar of Kikubaaqudgha.
  2563 | D:3      | Noticed a human
  2566 | D:3      | Killed a human
  2759 | D:4      | Found a runed translucent gate.
  2760 | D:4      | Found a runed translucent gate.
  2796 | D:4      | Reached XP level 5. HP: 38/39 MP: 5/5
  3193 | D:4      | Noticed Menkaure
  3209 | D:4      | Killed Menkaure
  3210 | D:4      | Gained mutation: You are mostly covered in sharp spines.
                  | [demonic ancestry]
  3210 | D:4      | Reached XP level 6. HP: 39/47 MP: 6/6
  3479 | D:4      | Reached XP level 7. HP: 14/52 MP: 7/7
  3639 | D:4      | Found a runed translucent gate.
  3643 | D:4      | Noticed DocEon's ghost (amateur DECj)
  3894 | D:4      | Found Mwindo's Dragon-Slaying Spoils.
  4239 | D:4      | Killed DocEon's ghost
  4289 | D:5      | Entered Level 5 of the Dungeon
  4304 | D:5      | Mangled by an acid dragon

Illustrated notes

Levels and vault maps discovered:
D:1:      denvon_arrival_planthouse, layout_rooms, serial_bayou_pond_a
D:2:      layout_loops_ring, hellmonk_ecumenical_altar_defaced_shrine,
          minmay_stone_trees_small, lightli_corner_chamber
D:3:      layout_basic, tgw_kikubaaqudgha, serial_shops, shop,
          minmay_misc_feat_x
D:4:      layout_layer_cave, ebering_ghost_rock_garden,
          nicolae_shop_dragon_depot, uniq_menkaure
D:5:      layout_rooms, minmay_temple_entry_drinking_statues,
          kennysheep_small_spiral

Skill      XL: |  1  2  3  4  5  6  7 |
---------------+----------------------+-----
Dodging        | 2 3 4 |  4.1
Unarmed Combat | 3 4 |  4.6
Shapeshifting  | 3 4 |  4.4
Fighting       | 2 3 4 |  4.0

Action                     |  1- 3 |  4- 6 |  7- 9 || total
---------------------------+-------+-------+-------++-------
  Melee: Unarmed           |   125 |   112 |    17 ||   254
         Punch             |     6 |     3 |       ||     9
         Kick              |       |    26 |     9 ||    35
  Throw: Dart              |       |     2 |       ||     2
   Stab: Sleeping          |     2 |     1 |       ||     3
 Armour: Animal skin       |    55 |    48 |     3 ||   106
         Robe              |       |       |    11 ||    11
  Dodge: Dodged            |    71 |    67 |    11 ||   149

Table legend: (Time is in decaauts)
 A = Elapsed time spent in this place.
 B = Non-inter-level travel time spent in this place.
 C = Inter-level travel time spent in this place.
 D = Time resting spent in this place.
 E = Time spent auto-exploring this place.
 F = Levels seen in this place.
 G = Mean time per level.
                   A        B        C        D        E       F      G
               +--------+--------+--------+--------+--------+-----+--------+
         Total |   4291 |   4078 |    213 |    139 |   3290 |   5 |  858.2 |
       Dungeon |   4291 |   4078 |    213 |    139 |   3290 |   5 |  858.2 |
               +--------+--------+--------+--------+--------+-----+--------+

Top non-repeatable levels by time:
     D:4: 1637 daAuts
     D:3: 1008 daAuts
     D:2: 953 daAuts
     D:1: 677 daAuts
     D:5: 14 daAuts
